 Dungeon Crawl Stone Soup version 0.25-a0-766-g0ecfff5982 (webtiles) character file.

Game seed: 11513701670856529067, levelgen mode: classic

11 Amnesiac the Digger (level 2, -2/24 HPs)
             Began as a Troll Earth Elementalist on Apr 13, 2020.
             Killed from afar by an orc wizard (12 damage)
             ... with a puff of frost
             ... on level 3 of the Dungeon.
             The game lasted 00:00:51 (189 turns).

Amnesiac the Digger (Troll Earth Elementalist)       Turns: 189, Time: 00:00:52

Health: -2/24      AC:  6    Str: 15    XL:     2   Next: 17%
Magic:  3/3        EV: 10    Int: 11    God:
Gold:   0          SH:  0    Dex: 10    Spells: 2/3 levels left

rFire    . . .     SeeInvis .   (no weapon)
rCold    . . .     Gourm    +   (no shield)
rNeg     . . .     Faith    .   c - +0 robe
rPois    .         Spirit   .   (helmet restricted)
rElec    .         Reflect  .   (no cloak)
rCorr    .         Harm     .   (gloves unavailable)
MR       .....                  (boots unavailable)
Stlth    +.........             (no amulet)
HPRegen  0.48/turn              (no ring)
MPRegen  0.08/turn              (no ring)

@: no status effects
A: large, unfitting armour, claws 3, fast metabolism 3, gourmand, regeneration
1, shaggy fur 1, tough skin 3
a: no special abilities


You were on level 3 of the Dungeon.
You were full.

You visited 1 branch of the dungeon, and saw 3 of its levels.

Inventory:

Missiles
 b - 43 stones (quivered)
Armour
 c - a +0 robe (worn)
Comestibles
 d - 3 rations


   Skills:
 - Level 1.5 Dodging
 - Level 1.0 Stealth
 + Level 1.4 Spellcasting
   Level 0.6 Transmutations
 * Level 3.1 Earth Magic


You had 2 spell levels left.
You knew the following spells:

 Your Spells              Type           Power        Failure   Level  Hunger
a - Sandblast             Erth           #.....       9%          1    ##.....

Your spell library contained the following spells:

 Spells                   Type           Power        Failure   Level  Hunger
 Passwall                 Tmut/Erth      #.......     22%         2    ###....
 Stone Arrow              Conj/Erth      #.....       43%         3    ####...
 Petrify                  Tmut/Erth      #.......     80%         4    #####..
 Lee's Rapid Deconstruct  Erth           #.........   93%         5    ######.


Dungeon Overview and Level Annotations

Branches:
Dungeon (3/15)

Altars:


Innate Abilities, Weirdness & Mutations

You are too large for most types of armour.
You have claws for hands.
Your metabolism is lightning-fast.
You like to eat raw meat.
Your natural rate of healing is unusually fast.
You are covered in fur. (AC +1)
You have extremely tough skin. (AC +3)


Message History

You have reached level 2!
Things that are here:
a +0 spear; 3 stones
Found 13 stones.
You see here 13 stones.
b - 43 stones (gained 13)
A worm comes into view.
Found 11 gold pieces.
Found a stone staircase leading down.
A goblin and a dart slug come into view.
The goblin shouts!
A bat comes into view.
Found a short sword.
The bat hits you but does no damage. The bat barely misses you.
The goblin hits you. The bat barely misses you. The bat barely misses you.
The bat barely misses you. The bat completely misses you.
The bat hits you but does no damage. The bat hits you but does no damage.
The bat hits you but does no damage. The bat closely misses you.
There is a stone staircase leading down here.
The bat closely misses you. The goblin hits you but does no damage.
You climb downwards.
An orc comes into view. It is wielding a +0 dagger.
There is a stone staircase leading up here.
You closely miss the goblin. The goblin closely misses you.
You closely miss the goblin. The goblin closely misses you.
You claw the goblin!
You kill the goblin!
You scratch the orc.
The orc is lightly wounded.
The orc hits you with a +0 dagger.
You claw the orc!
You kill the orc!
No target in view! 2 orcs come into view.
The orc shouts!
You hear a shout! x4
An orc comes into view. It is wielding a +0 war axe of flaming.
The orc shouts!
You hear an angry hiss.
Things that are here:
a +0 dagger; a goblin corpse
There is a stone staircase leading up here.
An orc priest and an orc wizard come into view.
The orc wizard shouts!
An orc comes into view. It is wielding a +0 whip.
An orc comes into view. It is wielding a +0 dagger.
The orc priest mumbles some strange prayers to Beogh against you.
Beogh smites you!
Ouch! That really hurt!
* * * LOW HITPOINT WARNING * * *
The orc priest looks satisfied for a moment.
An orc comes into view.
An orc comes into view.
It is wielding a +0 flail of holy wrath.
The orc shouts!
The orc shouts!
The orc wizard points at you and mumbles some strange words.
The puff of flame hits you but does no damage.
Found 21 stones.
Found a stone staircase leading down.
The orc wizard gestures at you while chanting.
The puff of frost hits you!
Ouch! That really hurt!
You die...

#.##o#.##
#.<.o.oo#
#)#####o# #.#
#o# ##.#####.#
...o.o...#
.#.####..#
#.####..#######.
#.......@.>...(.
..####..########
#..# .....
###... ....#
...#.# ###


You could see an orc wizard and 4 orcs.

Vanquished Creatures
  A leopard gecko (D:2)
  An orc (D:3)
  2 hobgoblins (D:1)
  A jackal (D:1)
  2 kobolds
  A goblin (D:3)
8 creatures vanquished.

Notes
Turn   | Place    | Note
-------+----------+-------------------------------------------
     0 | D:1      | Amnesiac the Troll Earth Elementalist began the quest for
                  | the Orb.
     0 | D:1      | Reached XP level 1. HP: 16/16 MP: 1/1
    69 | D:2      | Reached skill level 3 in Earth Magic
    99 | D:2      | Reached XP level 2. HP: 17/24 MP: 3/3
   189 | D:3      | Killed from afar by an orc wizard

Levels and vault maps discovered:
D:1:      mrwooster_arrival_statue_2, layout_basic
D:2:      lemuel_upstairs_altar, layout_basic, okawaru_metal_pillars_1_2
D:3:      layout_loops_ring

Skill      XL: |  1 |
---------------+----+-----
Earth Magic    | 3 |  3.1
Dodging        | |  1.5
Stealth        | |  1.0
Spellcasting   | |  1.4
Transmutations | |  0.6

Action                   || total
-------------------------++-------
Melee: Unarmed           ||    40
  Eat: Chunk             ||     4
Armor: Robe              ||    21
Dodge: Dodged            ||    22

Table legend:
 A = Non-vault XP
 B = Vault XP
 C = Vault XP percentage of total XP
 D = Non-vault monster count
 E = Vault monster count
 F = Vault count percentage of total count
                 A         B        C        D         E       F
            +---------+---------+-------+---------+---------+-------
      Total |      17 |       0 |   0.0 |       8 |       0 |   0.0
            +---------+---------+-------+---------+---------+-------
        D:1 |       8 |       0 |   0.0 |       4 |       0 |   0.0
        D:2 |       5 |       0 |   0.0 |       2 |       0 |   0.0
        D:3 |       4 |       0 |   0.0 |       2 |       0 |   0.0
            +---------+---------+-------+---------+---------+-------
